 Dungeon Crawl Stone Soup version 0.31.0-11-ge490571c62 (webtiles) character file.

Game seed: 16452398141026174999

30 jasper the Apothecary (level 3, -2/24 HPs)
             Began as a Vampire Alchemist on Feb 2, 2024.
             Slain by Sigmund
             ... wielding a +2 scythe of freezing
              (5 damage)
             ... on level 2 of the Dungeon.
             The game lasted 00:01:51 (1200 turns).

jasper the Apothecary (Vampire Alchemist)           Turns: 1200, Time: 00:01:52

Health: -2/24      AC:  2    Str:  7    XL:     3   Next: 5%
Magic:  0/6        EV: 11    Int: 19    God:
Gold:   49         SH:  4    Dex: 14    Spells: 5/6 levels left

rFire   . . .        c - +0 dagger
rCold   . . .        f - +0 buckler
rNeg    . . .        a - +0 robe
rPois   .            (no helmet)
rElec   .            (no cloak)
rCorr   .            (no gloves)
SInv    +            (no boots)
Will    .....        (no amulet)
Stlth   ++           (no ring)
HPRegen 0.44/turn    (no ring)
MPRegen 0.10/turn

%: no passive effects
@: healing quickly
A: alive, fangs 3, see invisible, vampiric 2
a: Exsanguinate


You were on level 2 of the Dungeon.
You visited 1 branch of the dungeon, and saw 2 of its levels.

You collected 49 gold pieces.

Inventory:

Hand Weapons
 c - a +0 dagger (weapon)
Armour
 a - a +0 robe (worn)
 f - a +0 buckler (worn)
Scrolls
 g - a scroll of noise {unknown}
Potions
 b - a potion of magic
 d - a potion of heal wounds {unknown}
 e - a potion of cancellation {unknown}


   Skills:
 - Level 2.1 Dodging
 - Level 3.0 Stealth
 + Level 1.2 Shields
 - Level 2.0 Spellcasting
 - Level 0.6 Conjurations
 + Level 4.2 Alchemy


You had 5 spell levels left.
You knew the following spells:

 Your Spells              Type           Power      Damage    Failure   Level
a - Sting                 Conj/Alch      44%        1d5       11%         1

Your spell library contained the following spells:

 Spells                   Type           Power      Damage    Failure   Level
 Mercury Vapours          Alch/Air       20%        N/A       19%         2
 Mephitic Cloud           Conj/Alch/Air  8%         N/A       41%         3
 Olgreb's Toxic Radiance  Alch           18%        N/A       43%         4
 Sticky Flame             Fire/Alch      10%        2d5       75%         4


Dungeon Overview and Level Annotations

Branches:
Dungeon (2/15)

Altars:

Shops:
D:1 *

Annotations:
D:2 Sigmund


Innate Abilities, Weirdness & Mutations

Your natural rate of healing is accelerated.
You have razor-sharp teeth.
You have supernaturally acute eyesight. (SInv)
You are afflicted with vampirism and can become a bat while bloodless.


Message History

There is an open door here.
You open the door.
There is an open door here.
There is a stone staircase leading down here.
Done exploring.
You open the door.
There is an open door here.
You open the door.
There is an open door here.
There is a faded altar of an unknown god here.
This altar belongs to (a) Ru, (b) Dithmenos or (c) Nemelex Xobeh, but you can't tell which.
Press the corresponding letter to learn more about a god, or press enter to convert or escape to cancel.
Okay, then.
There is an open door here.
There is an open door here.
There is a stone staircase leading down here.
You climb downwards.
There is a stone staircase leading up here.
Sigmund the Dreaded comes into view.
He is wielding a +2 scythe of freezing.
Found a stone staircase leading down.
The sting hits Sigmund but does no damage.
Sigmund is poisoned.
The sting hits Sigmund.
Sigmund looks even sicker.
Sigmund is lightly wounded.
The sting hits Sigmund.
Sigmund looks even sicker.
Sigmund is moderately wounded.
Sigmund hits you from afar with a +2 scythe of freezing!
Sigmund freezes you.
The sting hits Sigmund but does no damage.
Sigmund looks as sick as possible!
Sigmund is moderately wounded.
The sting hits Sigmund.
Sigmund looks as sick as possible!
Sigmund is heavily wounded.
Sigmund closely misses you.
The sting hits Sigmund.
Sigmund looks as sick as possible!
Sigmund is heavily wounded.
Sigmund hits you from afar with a +2 scythe of freezing!
* * * LOW HITPOINT WARNING * * *
Sigmund freezes you.
You die...
Sigmund begins carving another notch in his scythe.

# #.#. #+###+
#.#.##....
....#.... #
#.....## ..
#.....<#
###.#.....##
..........+
##.#..@..# #
#......#
#....@.......
###..........
#..........#
#..........#
#.>##......#
##. ######


You could see Sigmund (extremely poisoned).

Vanquished Creatures
  A dart slug (D:1)
  A bat (D:1)
  4 endoplasms (D:1)
  2 giant cockroaches (D:1)
  A goblin (D:1)
  2 hobgoblins (D:1)
  2 jackals (D:1)
  A quokka (D:1)
  2 ball pythons (D:1)
  A frilled lizard (D:1)
  3 kobolds (D:1)
  7 rats (D:1)
27 creatures vanquished.

Notes
Turn   | Place    | Note
-------+----------+-------------------------------------------
     0 | D:1      | jasper the Vampire Alchemist began the quest for the Orb.
     0 | D:1      | Reached XP level 1. HP: 13/13 MP: 3/3
   130 | D:1      | Found Luw Ijoa's Assorted Antiques.
   297 | D:1      | Reached XP level 2. HP: 19/19 MP: 0/5
   434 | D:1      | Reached skill level 4 in Alchemy
   710 | D:1      | Reached skill level 1 in Shields
   972 | D:1      | Gained mutation: You are afflicted with vampirism and can
                  | become a bat while bloodless. [Vampire growth]
   972 | D:1      | Reached XP level 3. HP: 24/24 MP: 2/6
  1079 | D:1      | Found a faded altar of an unknown god.
  1192 | D:2      | Noticed Sigmund
  1200 | D:2      | Slain by Sigmund

Illustrated notes

Levels and vault maps discovered:
D:1:      matt_arrival_refuge, layout_basic,
          hellmonk_ecumenical_altar_heavens_door, serial_shops,
          nicolae_shop_getting_attention, minmay_tripent
D:2:      layout_basic, uniq_sigmund

Skill      XL: |  1  2 |
---------------+-------+-----
Alchemy        | 4 |  4.2
Shields        | 1 |  1.2
Dodging        | |  2.1
Stealth        | |  3.0
Spellcasting   | |  2.0
Conjurations   | |  0.6

Action                     || total
---------------------------++-------
  Melee: Unarmed           ||     7
         Dagger            ||     5
   Cast: Sting             ||    47
 Armour: Robe              ||     9
  Dodge: Dodged            ||    12
  Block: Buckler           ||     2
